 Dungeon Crawl Stone Soup version 0.30-a0-782-ge64f9170bb (webtiles) character file.

Game seed: 17863242423680641881

1446 Leeroy the Transmogrifier (level 8, -24/48 HPs)
             Began as an Octopode Transmuter on Feb 22, 2023.
             Was an Initiate of Wu Jian.
             Annihilated by an ogre
             ... wielding a +0 giant spiked club
              (33 damage)
             ... on level 5 of the Dungeon.
             The game lasted 00:07:26 (6558 turns).

Leeroy the Transmogrifier (Octopode Transmuter)     Turns: 6558, Time: 00:07:27

Health: -24/48     AC:  2    Str:  9    XL:     8   Next: 75%
Magic:  8/11       EV: 21    Int: 17    God:    Wu Jian [......]
Gold:   246        SH:  0    Dex: 18    Spells: 3/11 levels left

rFire   . . .      SeeInvis .      - Unarmed
rCold   . . .      Faith    .    (shield currently unavailable)
rNeg    . . .      Spirit   .    (helmet currently unavailable)
rPois   x          Reflect  .    (no amulet)
rElec   .          Harm     .    (no ring)
rCorr   .          Rampage  .    (no ring)
Will    .....                    (no ring)
Stlth   ++                       (no ring)
HPRegen 0.28/turn                (no ring)
MPRegen 0.12/turn                (no ring)
                                 (no ring)
                                 (no ring)

@: spider-form (expiring)
A: venomous fangs, almost no armour, (amphibious), 8 rings, tiny, (camouflage
1), (gelatinous body 1), (nimble swimmer 1), (tentacles)
a: End Transformation, Renounce Religion


You were on level 5 of the Dungeon.
You worshipped Wu Jian.
Wu Jian was noncommittal.
You were a venomous arachnid creature.
You visited 1 branch of the dungeon, and saw 6 of its levels.

You collected 268 gold pieces.
You spent 22 gold pieces at shops.

Inventory:

Hand Weapons
 k - the +12 falchion of Hyiruef (melded) {protect, rElec rF+}
   (You found it on level 2 of the Dungeon)

   rF:        It protects you from fire.
   rElec:     It insulates you from electricity.
Missiles
 n - 2 throwing nets
 B - 4 javelins
Jewellery
 b - a ring of ice
 u - the ring "Liow" {*Corrode rC- rN+ Will++ Dex+6}
   (You found it on level 4 of the Dungeon)

   [ring of dexterity]

   Dex:       It affects your dexterity (+6).
   rC:        It makes you vulnerable to cold.
   rN:        It protects you from negative energy.
   *Corrode:  It may corrode you when you take damage.
   Will:      It greatly increases your willpower.
 y - a +6 ring of strength
Wands
 r - a wand of flame (14)
 A - a wand of acid (1)
Scrolls
 c - a scroll of silence
 e - a scroll of poison
 f - 2 scrolls of fog
 g - a scroll of amnesia
 j - a scroll of fear
 m - a scroll of magic mapping
 q - a scroll of teleportation {unknown}
 s - a scroll of vulnerability {unknown}
 t - a scroll of immolation {unknown}
 C - a scroll of identify
 D - a scroll of enchant armour {unknown}
Potions
 a - 2 potions of lignification
 d - 4 potions of curing {unknown}
 h - 3 potions of heal wounds {unknown}
 i - a potion of brilliance {unknown}
 l - 2 potions of attraction {unknown}
 o - 3 potions of degeneration {unknown}
 v - 2 potions of ambrosia {unknown}
 w - a potion of mutation {unknown}
 x - a potion of flight {unknown}
 z - 2 potions of berserk rage {unknown}


   Skills:
 - Level 1.0 Fighting
 + Level 4.0 Dodging
 - Level 4.6 Unarmed Combat
 - Level 2.0 Spellcasting
 - Level 9.4 Transmutations


You had 3 spell levels left.
You knew the following spells:

 Your Spells              Type           Power      Damage    Failure   Level
a - Beastly Appendage     Tmut           66%        N/A       3%          1
b - Spider Form           Tmut/Pois      17%        N/A       22%         3
c - Ice Form              Ice/Tmut       17%        N/A       50%         4

Your spell library contained the following spells:

 Spells                   Type           Power      Damage    Failure   Level
 Wereblood                Tmut           33%        N/A       4%          2
 Foxfire                  Conj/Fire      4%         2x1d4     38%         1
 Fireball                 Conj/Fire      0%         3d3       100%        5
 Starburst                Conj/Fire      0%         6d3       100%        6


Dungeon Overview and Level Annotations

Branches:
Dungeon (6/15)
 Temple: D:4-7

Altars:
Cheibriados
Gozag
Qazlal
Wu Jian

Shops:
D:3 ?   D:4 :

Annotations:
D:5 3 runed translucent doors, Leeroy's ghost, amateur OpTm


Innate Abilities, Weirdness & Mutations

You are a venomous arachnid creature.
You have venomous fangs.
You are tiny and dextrous.
Your spellcasting is less reliable in this form.
Your armour is entirely melded.
You are incapable of wielding weapons or throwing items.
You cannot wear most types of armour.
((You are amphibious.))
You can wear up to eight rings at the same time.
((Your skin changes colour to match your surroundings (Stealth+).))
((Your rubbery body absorbs attacks. (AC +1, EV +1)))
((You are camouflaged when in or above water. (Stealth+)))
((You have tentacles for arms and can constrict up to eight enemies at once.))


Message History

Your magical contamination has completely faded away.
Your transformation is almost over.
You warm up again.
The +12 falchion of Hyiruef {protect, rElec rF+} unmelds from your body.
The +12 falchion of Hyiruef {protect, rElec rF+} hums with potential!
A scorpion is nearby!
An ogre comes into view. It is wielding a +0 giant spiked club.
The ogre shouts!
You slash the scorpion!
Your weapon exudes an aura of protection.
You grab the scorpion.
The scorpion is heavily wounded.
You constrict the scorpion. The scorpion barely misses you.
The scorpion stings you. The ogre closely misses you.
You release your grip on the scorpion.
The scorpion attacks as you move away! The scorpion stings you.
The ogre attacks as you move away!
The ogre hits you with a +0 giant spiked club!
There is a stone staircase leading up here.
The ogre hits you with a +0 giant spiked club!!
Ouch! That really hurt!
* * * LOW HITPOINT WARNING * * *
You climb upwards.
Level annotation: 3 runed translucent doors, Leeroy's ghost, amateur OpTm
There is a stone staircase leading down here.
You are too injured to fight recklessly!
Casting: Ice Form (quite dangerous; 28% risk of failure)
Confirm with . or Enter, or press ? or * to list all spells.
You turn into a venomous arachnid creature.
The +12 falchion of Hyiruef {protect, rElec rF+} melds into your body.
The +12 falchion of Hyiruef {protect, rElec rF+} goes still.
An ogre is nearby!
Your transformation is almost over.
You hit the ogre.
The ogre is poisoned.
The ogre is moderately wounded.
The ogre completely misses you. The ogre attacks as you move away!
The ogre hits you with a +0 giant spiked club!!
Ouch! That really hurt!
You die...

......# #...............#.....#
......# #..####.........#.###.#
......# #..# #.###.#.#.#.# #.#
......# #..# #.# #.#.#.#.###.#
......###..# #.# #.#.#.#.....#
......##...# ##'###+#.#.#######
...........# #........#.#
#######....###........#.#
................sO.>..#.# ###
#######.#..####.#+#+#.#.#####.#
#.#..####.#.#.#.........# ###
###.................#####.#
..###......##.......#.#.# #.#
..##....................#####.#
..#..###+++###................###
##..##.....Y.##..................
##.##.........#.......#.#.###^###


You could see an ice beast and an ogre (very poisoned).

Vanquished Creatures
  Pikel (D:4)
  Sigmund (D:4)
  A water moccasin (D:5)
  An orc warrior (D:4)
  A black bear (D:5)
  A lemure (D:4)
  A gnoll sergeant (D:5)
  A howler monkey (D:6)
  3 hounds
  A jelly (D:6)
  An iguana (D:4)
  Jessica (D:3)
  Terence (D:2)
  8 gnolls
  6 adders
  An ufetubus (D:5)
  5 worms
  6 dart slugs
  6 orcs
  6 bats
  6 endoplasms
  2 giant cockroaches (D:2)
  8 goblins
  12 hobgoblins
  4 jackals
  15 kobolds
  4 quokkas
  6 ball pythons
  5 frilled lizards
  7 rats
122 creatures vanquished.

Vanquished Creatures (others)
  A gnoll (D:5)
1 creature vanquished.

Grand Total: 123 creatures vanquished

Notes
Turn   | Place    | Note
-------+----------+-------------------------------------------
     0 | D:1      | Leeroy the Octopode Transmuter began the quest for the Orb.
     0 | D:1      | Reached XP level 1. HP: 13/13 MP: 3/3
   222 | D:1      | Reached XP level 2. HP: 13/18 MP: 5/5
   519 | D:1      | Reached XP level 3. HP: 15/23 MP: 6/6
   552 | D:1      | Found a faded altar of an unknown god.
  1150 | D:2      | Identified the +12 falchion of Hyiruef {protect, rElec rF+}
  1302 | D:2      | Reached XP level 4. HP: 24/28 MP: 5/7
  1651 | D:2      | Noticed Terence
  1657 | D:2      | Killed Terence
  1658 | D:2      | Reached skill level 3 in Transmutations
  1866 | D:2      | Reached XP level 5. HP: 14/33 MP: 6/8
  2038 | D:3      | Found Ukemet's Magic Scroll Shoppe.
  2040 | D:3      | Noticed Jessica
  2045 | D:3      | Killed Jessica
  2046 | D:3      | Reached skill level 4 in Transmutations
  2052 | D:3      | Bought a scroll of identify for 22 gold pieces
  2940 | D:3      | Reached XP level 6. HP: 34/38 MP: 9/9
  3278 | D:4      | Reached skill level 5 in Transmutations
  3453 | D:4      | Noticed Sigmund
  3458 | D:4      | Killed Sigmund
  3459 | D:4      | Reached skill level 6 in Transmutations
  3523 | D:4      | Identified the ring "Liow" {*Corrode rC- rN+ Will++ Dex+6}
  3588 | D:4      | Reached XP level 7. HP: 43/43 MP: 10/10
  3663 | D:4      | Found a snail-covered altar of Cheibriados.
  3664 | D:4      | Found an opulent altar of Gozag.
  3751 | D:4      | Noticed Pikel
  3759 | D:4      | HP: 2/43 [lemure[Pikel] (6)]
  3760 | D:4      | Killed Pikel
  3761 | D:4      | Reached skill level 8 in Transmutations
  3761 | D:4      | Reached XP level 8. HP: 2/48 MP: 11/11
  4125 | D:4      | Found an ornate altar of the Wu Jian Council.
  4126 | D:4      | Found the +1 Delatra's gloves {ID++}
  4140 | D:4      | Became a worshipper of the Wu Jian Council
  4218 | D:4      | Found Ixkots's Book Emporium.
  4455 | D:5      | Entered Level 5 of the Dungeon
  4474 | D:5      | Reached skill level 9 in Transmutations
  4806 | D:4      | Learned a level 3 spell: Spider Form
  4811 | D:4      | Learned a level 4 spell: Ice Form
  5239 | D:5      | Found a runed translucent gate.
  5239 | D:5      | Found a runed translucent gate.
  5239 | D:5      | Found a runed translucent gate.
  5352 | D:5      | Found a stormy altar of Qazlal.
  5506 | D:5      | Noticed Leeroy's ghost (amateur OpTm)
  6112 | D:5      | HP: 1/48 [ufetubus (5)]
  6558 | D:5      | Annihilated by an ogre

Illustrated notes

Levels and vault maps discovered:
D:1:      dpeg_arrival_chambers_temple_mockup, layout_basic,
          shapermc_ecumenical_altar_gd
D:2:      layout_basic, minmay_circle_x, uniq_terence
D:3:      corexii_shack_village, layout_loops_ring, serial_shops,
          nicolae_shop_advertising_works [nicolae_subvault_shop_adworks],
          st_stairs_10, uniq_jessica
D:4:      layout_basic, nicolae_wu_jian_immortal_techniques,
          nicolae_overflow_two_pavilions, serial_corexii_hall,
          corexii_hall_statues_l, corexii_hall_statues_s,
          corexii_hall_statues_deadend, chequers_hall_statues_wall_a,
          serial_shops, nicolae_square_shop, uniq_sigmund, uniq_pikel
D:5:      layout_basic, mainiacjoe_overflow_six_doors_small,
          gammafunk_ghost_icy, grunt_ministairs_5
D:6:      nicolae_cairo_tiling_large_dashed, layout_rooms,
          general_overflow_altar, minivault_23, uniq_grinder

Skill      XL: |  1  2  3  4  5  6  7  8 |
---------------+-------------------------+-----
Unarmed Combat | 4 |  4.6
Transmutations | 3 4 6 8 9 |  9.4
Dodging        | 4 |  4.0
Fighting       | |  1.0
Spellcasting   | |  2.0

Action                     |  1- 3 |  4- 6 |  7- 9 || total
---------------------------+-------+-------+-------++-------
  Melee: Unarmed           |    62 |       |    31 ||    93
         Constrict         |    18 |    15 |    15 ||    48
         Tentacles         |     9 |     6 |    14 ||    29
         Falchion          |    16 |    98 |    55 ||   169
         Kick              |     4 |     2 |       ||     6
         Punch             |     1 |       |     1 ||     2
   Cast: Beastly Appendage |     4 |     3 |       ||     7
         Spider Form       |       |       |     4 ||     4
         Ice Form          |       |       |     3 ||     3
Ability: Lunge             |       |       |     3 ||     3
  Evoke: Wand              |       |       |     1 ||     1
    Use: Scroll            |       |     7 |     1 ||     8
   Stab: Sleeping          |    12 |    13 |       ||    25
 Armour: Skin              |     4 |    15 |    25 ||    44
  Dodge: Dodged            |    40 |    55 |   101 ||   196

Table legend: (Time is in decaauts)
 A = Elapsed time spent in this place.
 B = Non-inter-level travel time spent in this place.
 C = Inter-level travel time spent in this place.
 D = Time resting spent in this place.
 E = Time spent auto-exploring this place.
 F = Levels seen in this place.
 G = Mean time per level.
                   A        B        C        D        E       F      G
               +--------+--------+--------+--------+--------+-----+--------+
         Total |   6602 |   6381 |    221 |   1440 |   3941 |   6 | 1100.3 |
       Dungeon |   6602 |   6381 |    221 |   1440 |   3941 |   6 | 1100.3 |
               +--------+--------+--------+--------+--------+-----+--------+

Top non-repeatable levels by time:
     D:4: 1959 daAuts
     D:5: 1380 daAuts
     D:3: 1082 daAuts
     D:2: 1055 daAuts
     D:1: 990 daAuts
     D:6: 135 daAuts
